Map: Catalyst LE

Players

SpeCial

  • Race: Terran Terran
  • Spawn Location: 5:00

Dear - Winner!

  • Race: Protoss Protoss
  • Spawn Location: 11:00

Event: IEM Season 12 - Katowice

VOD

Have the link to the VOD?

Description

Time

  • Played on: March 1, 2018, 4:52 a.m.
  • Length: 7:40

All games in this series

Show
View Real Time Build Order
Export as new Build Order

SpeCial Terran 

Build Orders: Liberator Opening, Reaper Expand 

Get SALT Encoding   

  12  0:00  SCV  
  13  0:12  SCV  
  14  0:17  Supply Depot  
  14  0:25  SCV  
  15  0:39  SCV  
  15  0:41  Barracks  
  16  0:44  Refinery  
  16  0:51  SCV  
  17  1:03  SCV  
  18  1:15  SCV  
  19  1:28  Reaper  
  19  1:29  Orbital Command  
  20  1:45  Command Center  
  20  1:55  SCV  
  20  1:59  Supply Depot  
  20  2:00  Marine  
  22  2:08  SCV  
  23  2:10  Factory  
  23  2:17  Refinery  
  23  2:21  SCV  
  23  2:22  Barracks Reactor  
  24  2:33  SCV  
  25  2:45  SCV  
  26  2:55  Widow Mine, Starport  
  26  2:57  SCV  
  29  2:58  Orbital Command  
  29  2:59  Marine x2  
  31  3:09  SCV  
  32  3:17  Marine x2  
  34  3:20  Factory Tech Lab  
  34  3:21  SCV  
  34  3:24  SCV  
  36  3:31  Medivac  
  36  3:33  SCV  
  39  3:34  Marine x2  
  39  3:36  SCV  
  39  3:37  Supply Depot  
  39  3:40  Siege Tank  
  45  3:44  Supply Depot  
  45  3:45  SCV  
  46  3:52  Liberator  
  46  3:58  SCV x2, Marine x2  
  53  4:10  Supply Depot, SCV x2  
  55  4:22  SCV x2  
  57  4:25  Engineering Bay  
  57  4:26  Marine x2  
  59  4:33  Widow Mine  
  59  4:35  Supply Depot, SCV  
  59  4:38  SCV  
  63  4:43  Marine  
  63  4:44  Marine  
  62  4:47  SCV  
  62  4:50  SCV  
  58  4:59  SCV  
  54  5:01  Marine x2  
  54  5:02  SCV  
  54  5:06  Siege Tank  
  57  5:11  SCV  
  53  5:14  SCV  
  53  5:19  Marine x2  
  56  5:23  SCV  
  56  5:26  SCV  
  58  5:35  SCV  
  59  5:36  Liberator  
  59  5:37  Marine x2, Command Center  
  59  5:38  SCV, Siege Tank  
  65  5:44  Missile Turret, Terran Infantry Weapons Level 1  
  65  5:47  SCV  
  66  5:50  SCV  
  66  5:52  Barracks  
  66  5:55  Marine x2  
  72  5:59  SCV  
  72  6:02  SCV  
  70  6:11  SCV  
  70  6:12  Marine  
  70  6:13  Marine  
  70  6:14  SCV  
  74  6:23  SCV  
  72  6:25  Missile Turret  
  72  6:30  Siege Tank, Marine x2  
  61  6:41  SCV x2  
  61  6:43  Barracks Tech Lab  
  61  6:44  Refinery  
  61  6:45  Refinery  
  62  6:48  Marine x2, Barracks x2  
  62  6:49  Orbital Command, Barracks  
  64  6:55  Starport Reactor  
  64  6:56  SCV x2  
  66  7:06  Marine x2  
  66  7:08  SCV x2, Marine  
  58  7:22  SCV x2  
Show
View Real Time Build Order
Export as new Build Order

Dear Protoss - Winner!

Build Orders: 1 Gate Expand, Oracle Opening 

Get SALT Encoding   

  12  0:00  Probe  
  13  0:12  Probe  
  14  0:17  Pylon  
  14  0:24  Probe (Chrono Boost)  
  15  0:36  Probe (Chrono Boost), Gateway  
  16  0:44  Probe (Chrono Boost)  
  16  0:47  Assimilator  
  17  0:51  Probe  
  18  1:03  Probe  
  19  1:15  Probe  
  20  1:22  Nexus  
  20  1:32  Cybernetics Core  
  20  1:35  Probe  
  21  1:41  Assimilator  
  21  1:47  Probe  
  21  1:51  Pylon  
  22  1:59  Probe  
  22  2:07  Stalker (Chrono Boost)  
  22  2:08  Warp Gate  
  22  2:12  Probe  
  25  2:23  Twilight Council  
  25  2:24  Probe  
  26  2:35  Probe (Chrono Boost)  
  29  2:37  Probe (Chrono Boost)  
  29  2:42  Stargate  
  28  2:46  Stalker  
  28  2:47  Probe (Chrono Boost)  
  28  2:49  Probe (Chrono Boost)  
  32  2:53  Probe (Chrono Boost)  
  32  2:54  Probe (Chrono Boost)  
  34  3:01  Probe  
  34  3:04  Probe  
  36  3:11  Pylon  
  36  3:13  Probe  
  36  3:16  Probe  
  36  3:19  Gateway  
  38  3:22  Oracle (Chrono Boost)  
  38  3:25  Probe  
  42  3:28  Probe  
  42  3:30  Gateway  
  43  3:34  Zealot  
  43  3:38  Pylon  
  43  3:40  Probe  
  46  3:42  Probe  
  47  3:49  Oracle (Chrono Boost)  
  51  3:55  Probe  
  51  3:56  Probe  
  52  4:08  Probe x2  
  54  4:10  Nexus  
  54  4:16  Phoenix (Chrono Boost)  
  54  4:22  Probe x2, Assimilator  
  54  4:23  Assimilator  
  58  4:26  Pylon  
  58  4:34  Probe  
  58  4:35  Probe  
  60  4:39  Forge  
  60  4:40  Twilight Council  
  60  4:49  Zealot, Stalker  
  60  4:50  Stalker  
  61  5:09  Probe x2, Blink (Chrono Boost)  
  63  5:18  Protoss Ground Weapons Level 1 (Chrono Boost)  
  63  5:21  Probe x2  
  65  5:24  Probe  
  66  5:33  Probe x2  
  68  5:36  Probe  
  69  5:44  Stalker x3  
  69  5:45  Probe x2  
  69  5:48  Probe  
  78  5:50  Pylon  
  78  5:53  Pylon  
  78  5:57  Probe x2  
  78  6:00  Probe  
  81  6:09  Probe, Stalker x3  
  88  6:12  Probe  
  88  6:13  Probe  
  88  6:21  Probe  
  82  6:35  Stalker x3  
  81  6:42  Probe x3  
  84  6:52  Gateway  
  84  6:53  Gateway  
  84  6:54  Gateway  
  84  6:56  Probe x3  
  87  7:12  Stalker x3  
  87  7:14  Probe x2  
  88  7:26  Probe  
  88  7:27  Probe x2  

Tags
 
Add a new tag
Caveats
  • Supply blocks, unpowered buildings, or Contaminate may cause inaccurate times.
  • Supply counts are checked every 10 seconds.